 Dungeon Crawl Stone Soup version 0.29-a0-90-gc37658a0fe (webtiles) character file.

Game seed: 13560507226780361748

95 cyrus the Skirmisher (level 4, 0/42 HPs)
             Began as a Naga Abyssal Knight on Feb 6, 2022.
             Was a Follower of Lugonu.
             Slain by a gnoll (3 damage)
             ... on level 3 of the Dungeon.
             The game lasted 00:06:32 (3607 turns).

cyrus the Skirmisher (Naga Abyssal Knight)          Turns: 3607, Time: 00:06:33

Health: 0/42       AC:  6    Str: 16    XL:     4   Next: 66%
Magic:  5/5        EV:  7    Int: 12    God:    Lugonu [*.....]
Gold:   118        SH:  0    Dex: 11    Spells: 3/3 levels left

rFire   . . .      SeeInvis +   a - +1 falchion
rCold   . . .      Faith    .   (no shield)
rNeg    . . .      Spirit   .   k - +0 scale mail
rPois   +          Reflect  .   (no helmet)
rElec   .          Harm     .   (no cloak)
rCorr   .          Rampage  .   g - +0 pair of gloves
Will    .....                   (no barding)
Stlth   ..........              (no amulet)
HPRegen 0.14/turn               (no ring)
MPRegen 0.09/turn               (no ring)

@: very slow
A: AC +1, large, see invisible, deformed body, poison resistance, slowness 2,
spit poison 1, naga tail 1
a: Spit Poison, Renounce Religion, Depart the Abyss


You were on level 3 of the Dungeon.
You worshipped Lugonu.
Lugonu was aware of your devotion.
You visited 1 branch of the dungeon, and saw 3 of its levels.
You visited the Abyss 1 time.

You collected 118 gold pieces.

Inventory:

Hand Weapons
 a - a +1 falchion (weapon)
Armour
 b - a +0 leather armour
 g - a +0 pair of gloves (worn)
 k - a +0 scale mail (worn)
Jewellery
 l - a +4 ring of slaying
 m - a ring of ice
Scrolls
 d - a scroll of noise {unknown}
 f - a scroll of blinking {unknown}
 h - a scroll of immolation {unknown}
 j - 3 scrolls of teleportation {unknown}
Potions
 c - 2 potions of curing {unknown}
 e - a potion of cancellation {unknown}
 i - a potion of attraction {unknown}
 n - a potion of lignification {unknown}


   Skills:
 + Level 3.5 Fighting
 + Level 3.2 Long Blades
 + Level 2.4 Armour
 + Level 1.1 Dodging
 + Level 0.7 Stealth
 + Level 2.1 Invocations


You had 3 spell levels left.
You didn't know any spells.
Your spell library contained the following spells:

 Spells                   Type           Power      Damage    Failure   Level
 Freezing Cloud           Conj/Ice/Air   0%         6-21      100%        5
 Simulacrum               Ice/Necr       0%         N/A       100%        6
 Polar Vortex             Ice            0%         N/A       100%        9


Dungeon Overview and Level Annotations

Branches:
Dungeon (3/15)

Altars:

Shops:
D:3 (


Innate Abilities, Weirdness & Mutations

Your serpentine skin is tough. (AC +1)
You have supernaturally acute eyesight. (SInv)
Armour fits poorly on your strangely shaped body.
Your system is resistant to poisons. (rPois)
You cover ground very slowly.
You can spit poison.
You have a snake-like lower body.


Message History

There are monsters nearby!
The gnoll shouts!
The gnoll hits you from afar with a +0 spear!
The gnoll hits you with a +0 club. The gnoll hits you with a +0 spear!
The gnoll hits you with a +0 club.
You hit the gnoll.
The gnoll is moderately wounded.
You hit the gnoll.
The gnoll is heavily wounded.
The gnoll hits you but does no damage.
You hit the gnoll. You punch the gnoll.
The gnoll is almost dead.
The gnoll hits you with a +0 spear! The gnoll hits you but does no damage.
You closely miss the gnoll.
The gnoll is almost dead.
The gnoll completely misses you. The gnoll hits you with a +0 club.
* * * LOW HITPOINT WARNING * * *
You slash the gnoll!
You kill the gnoll!
Lugonu accepts your kill. The gnoll hits you with a +0 club.
* * * LOW HITPOINT WARNING * * *
The gnoll barely misses you.
You slash the gnoll!
The gnoll is almost dead.
The gnoll hits you with a +0 club.
* * * LOW HITPOINT WARNING * * *
The gnoll hits you but does no damage.
You slash the gnoll!
You kill the gnoll!
Lugonu accepts your kill. The gnoll hits you with a +0 whip.
* * * LOW HITPOINT WARNING * * *
The gnoll hits you but does no damage.
You see here a +0 club.
The gnoll hits you but does no damage. The gnoll hits you with a +0 whip.
* * * LOW HITPOINT WARNING * * *
You see here a +0 spear.
The gnoll hits you with a +0 whip.
You die...

## ##. #.# ##.# ##
#.###########.##
#.###...........##
#.#.###########.##
##.#### #........#
#.....# #.#####.#.
#g)##.###. #.#.
#@)....... #.#.
#.#...###. #.#.
.......# #.#.
#####.### #.#. .#
#.#. .. #.#. ...
#.# ..## #.# #.#


You could see a gnoll.

Vanquished Creatures
  A hound (D:3)
  2 gnolls (D:3)
  A worm (D:2)
  A dart slug (D:1)
  6 endoplasms
  A goblin (D:2)
  3 hobgoblins
  7 kobolds
  A quokka (D:2)
  4 ball pythons
  6 bats
  3 frilled lizards
  3 rats (D:1)
39 creatures vanquished.

Notes
Turn   | Place    | Note
-------+----------+-------------------------------------------
     0 | Abyss:1  | cyrus the Naga Abyssal Knight began the quest for the Orb.
     0 | Abyss:1  | Reached XP level 1. HP: 21/21 MP: 2/2
   109 | Abyss:1  | Noticed a large abomination
   112 | Abyss:1  | Noticed a shadow
   118 | D:1      | Escaped the Abyss
  1003 | D:1      | Found a faded altar of an unknown god.
  1132 | D:1      | Reached XP level 2. HP: 20/28 MP: 3/3
  1803 | D:1      | Reached * piety under Lugonu
  1928 | D:2      | Reached XP level 3. HP: 28/34 MP: 4/4
  3008 | D:3      | Found Utzab's Antique Weapon Shoppe.
  3115 | D:3      | Reached skill level 1 in Dodging
  3115 | D:3      | Reached XP level 4. HP: 15/42 MP: 5/5
  3607 | D:3      | Slain by a gnoll

Illustrated notes

Levels and vault maps discovered:
D:1:      nzn_arrival_depleted_hourglass, layout_basic,
          ebering_ecumenical_altar_hall
D:2:      layout_loops_ring
D:3:      layout_loops_ring, serial_shops, nicolae_diamond_shop,
          grunt_decor_resistance, nrook_loot_triangle

Skill      XL: |  1  2  3 |
---------------+----------+-----
Armour         | 2 |  2.4
Long Blades    | 3 |  3.2
Dodging        | 1 |  1.1
Fighting       | |  3.5
Stealth        | |  0.7
Invocations    | |  2.1

Action                   |  1- 3 |  4- 6 || total
-------------------------+-------+-------++-------
Melee: Falchion          |   109 |    14 ||   123
       Punch             |     3 |     1 ||     4
Invok: Depart the Abyss  |     1 |       ||     1
 Abil: Spit Poison       |     5 |       ||     5
 Stab: Sleeping          |     1 |       ||     1
Armor: Leather armour    |    33 |       ||    33
       Scale mail        |     5 |     7 ||    12
Dodge: Dodged            |    69 |     5 ||    74

Table legend: (Time is in decaauts)
 A = Elapsed time spent in this place.
 B = Non-inter-level travel time spent in this place.
 C = Inter-level travel time spent in this place.
 D = Time resting spent in this place.
 E = Time spent auto-exploring this place.
 F = Levels seen in this place.
 G = Mean time per level.
                   A        B        C        D        E       F      G
               +--------+--------+--------+--------+--------+-----+--------+
         Total |   4337 |   4197 |    140 |    797 |   2698 |   4 | 1084.2 |
       Dungeon |   4172 |   4032 |    140 |    797 |   2594 |   3 | 1390.7 |
         Abyss |    165 |    165 |      0 |      0 |    103 |   1 |  165.0 |
               +--------+--------+--------+--------+--------+-----+--------+

Top non-repeatable levels by time:
     D:1: 2065 daAuts
     D:2: 1379 daAuts
     D:3: 727 daAuts
 Abyss:1: 165 daAuts
